 Dungeon Crawl Stone Soup version 0.15.2 (webtiles) character file.

15883 Heini the Basher (level 12, 50/115 HPs)
             Began as a Minotaur Fighter on Jan 31, 2015.
             Was a High Priest of Okawaru.
             Quit the game on Level 1 of the Lair of Beasts.
             The game lasted 00:42:51 (13788 turns).

Heini the Basher (Minotaur Fighter)                Turns: 13788, Time: 00:42:51

HP  50/115       AC 24     Str 27      XL: 12   Next:  5%
MP   5/5         EV  5     Int  5      God: Okawaru [*****.]
Gold 774         SH 11     Dex 12      Spells:  0 memorised, 11 levels left

rFire  + . .     SeeInvis .     m - +0 flail (protect)
rCold  . . .     Clarity  .     T - +0 plate armour
rNeg   . . .     rCorr    .     c - +1 shield
rPois  .         rRot     .     (helmet restricted)
rElec  .         Spirit   .     (no cloak)
SustAb .         Warding  .     u - +0 pair of gloves
rMut   .         Stasis   .     p - +0 pair of boots
Gourm  .                        (no amulet)
MR     .....                    R - +3 ring of dexterity
                                g - ring of protection from fire

@: not resistant to hostile enchantments, extremely unstealthy
A: retaliatory headbutt, horns 2
a: Heroism, Finesse, Renounce Religion


You were on level 1 of the Lair of Beasts.
You worshipped Okawaru.
Okawaru was extremely pleased with you.
You were not hungry.

You visited 3 branches of the dungeon, and saw 14 of its levels.

You collected 774 gold pieces.

Inventory:

Hand weapons
 a - a cursed +1 flail
 m - a +0 flail of protection (weapon)
 O - a +0 dire flail of chaos
 X - the +10 broad axe "Shem" {antimagic, -Tele +Rage MR+, unknown}
   (Okawaru gifted it to you on level 1 of the Lair of Beasts)

   It disrupts the flow of magical energy around spellcasters and certain
   magical creatures (including the wielder).
   It affects your resistance to hostile enchantments.
   It lets you go berserk.
   It prevents most forms of teleportation.
Armour
 b - a +0 scale mail
 c - a +1 shield (worn)
 p - a +0 pair of boots (worn)
 u - a +0 pair of gloves (worn)
 T - a +0 plate armour (worn)
Magical devices
 e - a wand of fire (4)
 n - a wand of teleportation (3)
 H - a wand of fireball (4)
 K - a wand of frost (7)
 Q - a wand of flame (1)
Comestibles
 d - 9 bread rations
 v - 5 meat rations
 F - 12 fruits
 J - 8 royal jellies
 L - a slice of pizza
 N - 5 beef jerkies
 Y - a rotting chunk of yak flesh
 Z - 3 chunks of wolf flesh
Scrolls
 f - a scroll of immolation
 i - 2 scrolls of amnesia
 j - 3 scrolls of enchant weapon
 l - 7 scrolls of remove curse
 r - 5 scrolls of teleportation
 t - 2 scrolls of fog
 P - a scroll of blinking
 U - 2 scrolls of magic mapping
 V - a scroll of enchant armour
 W - a scroll of identify
Jewellery
 g - a ring of protection from fire (left hand)
 R - a +3 ring of dexterity (right hand)
 S - an uncursed ring of fire {unknown}
Potions
 h - a potion of haste
 k - 5 potions of curing
 o - 5 potions of brilliance
 q - a potion of mutation
 s - 2 potions of agility {unknown}
 w - 3 potions of poison {unknown}
 x - 3 potions of cure mutation
 z - 3 potions of resistance
 A - 3 potions of restore abilities
 B - 3 potions of berserk rage {unknown}
 C - a potion of heal wounds
 D - a potion of decay
 E - 5 potions of might
 I - a potion of confusion {unknown}
 M - a potion of porridge
Books
 y - a book of Cantrips

   Spells                             Type                      Level
   Corona                             Hexes                        1
   Animate Skeleton                   Necromancy                   1
   Summon Small Mammal                Summoning                    1
   Apportation                        Translocation                1
 G - a book of Hinderance

   Spells                             Type                      Level
   Confusing Touch                    Hexes                        2
   Confuse                            Hexes                        3
   Petrify                            Transmutation/Earth          4
   Leda's Liquefaction                Hexes/Earth                  4
   Metabolic Englaciation             Hexes/Ice                    5
   Summon Mana Viper                  Hexes/Summoning              5


   Skills:
 * Level 13.2 Fighting
 * Level 14.3 Maces & Flails
 * Level 13.0 Armour
 - Level 3.6 Shields
 + Level 0.2 Evocations


You had 11 spell levels left.
You didn't know any spells.

Dungeon Overview and Level Annotations

Branches:
Dungeon (12/15)            Temple (1/1) D:7            Lair (1/8) D:10
    Orc: D:9-12

Altars:
Ashenzari
Cheibriados
Dithmenos
Elyvilon
Fedhas
Kikubaaqudgha
Makhleb
Nemelex Xobeh
Okawaru
Qazlal
Sif Muna
Trog
Vehumet
Xom
Yredelemnul
Zin
The Shining One

Shops:
D:4 :

Portals:
Trove: D:11 (give wand of heal wounds (8))


Innate Abilities, Weirdness & Mutations

You reflexively headbutt those who attack you in melee.
You have a pair of horns on your head.


Message History

You headbutt the komodo dragon, but do no damage.
The komodo dragon is heavily wounded.
You block the komodo dragon's attack.
You hit the komodo dragon.
The komodo dragon is heavily wounded.
You closely miss the komodo dragon. You headbutt the komodo dragon!
The komodo dragon is severely wounded.
The komodo dragon bites you!!
You sock the komodo dragon! Your headbutt misses the komodo dragon.
The komodo dragon is almost dead.
You hit the komodo dragon.
The komodo dragon is almost dead.
The komodo dragon bites you!
* * * LOW HITPOINT WARNING * * *
You sock the komodo dragon!
You kill the komodo dragon!
Okawaru accepts your kill.
Your Armour skill increases to level 13!
Found 25 bolts.
Are you sure you want to abandon this character and quit the game? (Confirm with "yes".)

### ###
#########.####.#########.
................@........
......###.P##P...........
#.....########..........
............##....##.#+.
.#....#P....##....# #
.#....##.....#.....#
.#....##....##....##
.#....##....#.....#
......##....##(...


There were no monsters in sight!

Vanquished Creatures
  Harold (D:10)
  A centaur warrior (D:11)
  A tengu warrior (D:10)
  3 hill giants
  A cyclops (D:11)
  An elephant (D:10)
  A black mamba (Lair:1)
  2 spiny frogs (Lair:1)
  A komodo dragon (Lair:1)
  2 trolls
  Prince Ribbit (D:8)
  A basilisk (Lair:1)
  A shadow (D:10)
  16 yaks
  A wraith (D:10)
  A hill giant skeleton (D:10)
  2 deep elf magi
  A hungry ghost (D:8)
  2 hippogriffs
  6 wolves (Lair:1)
  A porcupine (Lair:1)
  A water moccasin (Lair:1)
  An orc warrior (D:10)
  4 ice beasts
  3 sky beasts
  The ghost of Heini the Skirmisher, an average MiFi (D:3)
  A black bear (D:9)
  4 phantoms
  8 ogres
  2 boring beetles (D:9)
  3 centaurs
  Sigmund (D:3)
  5 crocodiles
  5 giant frogs
  A big kobold (D:7)
  An eye of draining (D:9)
  6 scorpions
  A hippogriff zombie (D:8)
  An electric eel (Lair:1)
  11 killer bees
  2 jellies (D:10)
  3 goliath beetles
  4 crimson imps
  3 hounds
  A quasit (D:9)
  2 orc priests
  5 orc wizards
  6 worker ants
  A giant frog skeleton (D:6)
  3 gnoll shamans (D:4)
  An iguana (D:7)
  A sheep (D:10)
  Jessica (D:2)
  An ogre skeleton (D:4)
  A mummy (D:8)
  A worker ant zombie (D:7)
  A gnoll zombie (D:5)
  17 adders
  44 gnolls
  6 green rats (Lair:1)
  2 scorpion zombies
  3 shadow imps
  A giant mite (D:6)
  4 worms
  7 giant geckos
  An ooze (D:2)
  15 orcs
  13 bats
  A bat skeleton (D:5)
  A bat zombie (D:6)
  15 goblins
  14 hobgoblins
  28 jackals
  2 ball pythons
  2 giant cockroaches
  3 giant newts
  A giant spore (D:11)
  A hobgoblin skeleton (D:4)
  29 kobolds
  2 kobold skeletons
  2 orc zombies
  7 quokkas
  14 rats
  A spectral orc (D:6)
  6 ballistomycetes
386 creatures vanquished.

Vanquished Creatures (others)
  2 giant spores
  A fungus (Lair:1)
3 creatures vanquished.

Grand Total: 389 creatures vanquished

Notes
Turn   | Place    | Note
--------------------------------------------------------------
     0 | D:1      | Heini, the Minotaur Fighter, began the quest for the Orb.
     0 | D:1      | Reached XP level 1. HP: 19/19 MP: 1/1
    57 | D:1      | Reached skill level 4 in Armour
   158 | D:1      | Reached XP level 2. HP: 22/27 MP: 1/1
   603 | D:1      | Reached XP level 3. HP: 30/33 MP: 2/2
   979 | D:2      | Reached skill level 5 in Armour
  1105 | D:2      | Noticed Jessica
  1127 | D:2      | Killed Jessica
  1127 | D:2      | Reached XP level 4. HP: 26/41 MP: 2/2
  1413 | D:3      | Noticed Sigmund
  1418 | D:3      | Killed Sigmund
  1418 | D:3      | Reached XP level 5. HP: 44/47 MP: 2/2
  1503 | D:3      | Reached skill level 6 in Armour
  1514 | D:3      | Found a shadowy altar of Dithmenos.
  1562 | D:3      | Noticed a deep elf mage
  1565 | D:3      | Noticed an ice beast
  1567 | D:3      | Noticed an ice beast
  1567 | D:3      | Noticed an ice beast
  1568 | D:3      | Killed an ice beast
  1574 | D:3      | Noticed an ice beast
  1574 | D:3      | Killed a deep elf mage
  1574 | D:3      | Reached skill level 5 in Fighting
  1574 | D:3      | Reached XP level 6. HP: 39/56 MP: 3/3
  1920 | D:3      | Found an ancient bone altar of Kikubaaqudgha.
  1957 | D:3      | Noticed Heini's ghost (average MiFi)
  1968 | D:3      | Killed Heini's ghost
  2091 | D:3      | Reached skill level 5 in Maces & Flails
  2091 | D:3      | Reached XP level 7. HP: 43/63 MP: 3/3
  2584 | D:4      | Reached skill level 7 in Armour
  2774 | D:4      | Found Bru Luto's Book Shoppe.
  3028 | D:4      | Reached XP level 8. HP: 44/73 MP: 3/3
  3453 | D:4      | Reached skill level 8 in Maces & Flails
  4387 | D:5      | Entered Level 5 of the Dungeon
  4740 | D:5      | Reached skill level 9 in Maces & Flails
  5666 | D:6      | Reached XP level 9. HP: 73/82 MP: 4/4
  6096 | D:6      | Found a basalt altar of Yredelemnul.
  6539 | D:7      | Found a staircase to the Ecumenical Temple.
  6632 | Temple   | Entered the Ecumenical Temple
  6935 | D:7      | Found a blossoming altar of Fedhas.
  7265 | D:8      | Reached skill level 10 in Maces & Flails
  7585 | D:8      | Noticed Prince Ribbit
  7643 | D:8      | Killed Prince Ribbit
  8090 | D:8      | Found a bloodstained altar of Trog.
  8368 | D:8      | Found an iron altar of Okawaru.
  8373 | D:8      | Became a worshipper of Warmaster Okawaru
  8769 | D:9      | Acquired Okawaru's first power
  8769 | D:9      | Reached skill level 10 in Fighting
  8771 | D:9      | Reached skill level 10 in Armour
  8825 | D:9      | Reached XP level 10. HP: 26/93 MP: 4/4
  8827 | D:9      | Reached skill level 11 in Maces & Flails
  9678 | D:10     | Entered Level 10 of the Dungeon
  9679 | D:10     | Noticed Harold
  9704 | D:10     | Killed Harold
  9912 | D:10     | Found a staircase to the Lair.
  9913 | D:10     | Noticed an elephant
  9932 | D:10     | Killed an elephant
 10163 | D:10     | Noticed a tengu warrior
 10179 | D:10     | Killed a tengu warrior
 10179 | D:10     | Reached skill level 12 in Maces & Flails
 10655 | D:10     | Noticed a hill giant
 10659 | D:10     | Killed a hill giant
 10739 | D:10     | Noticed a hill giant
 10756 | D:10     | Killed a hill giant
 10756 | D:10     | Reached XP level 11. HP: 41/104 MP: 4/4
 11135 | D:10     | Reached skill level 13 in Maces & Flails
 11400 | D:11     | Noticed a hill giant
 11413 | D:11     | Killed a hill giant
 11649 | D:11     | Acquired Okawaru's second power
 11933 | D:11     | Noticed a centaur warrior
 11956 | D:11     | Killed a centaur warrior
 12180 | D:11     | Found a portal to a secret trove of treasure.
 12633 | Lair:1   | Entered Level 1 of the Lair of Beasts
 13132 | Lair:1   | Received a gift from Okawaru
 13156 | Lair:1   | Got a transparent broad axe {god gift}
 13302 | Lair:1   | Reached skill level 14 in Maces & Flails
 13701 | Lair:1   | Reached XP level 12. HP: 54/115 MP: 5/5
 13788 | Lair:1   | Quit the game

Action                   |  1- 3 |  4- 6 |  7- 9 | 10-12 || total
-------------------------+-------+-------+-------+-------++-------
Melee: Flail             |   133 |    87 |   623 |   596 ||  1439
Evoke: Wand              |       |       |       |     5 ||     5
  Use: Scroll            |     7 |     1 |     9 |     4 ||    21
       Potion            |       |     3 |     3 |     1 ||     7
  Eat: Chunk             |     1 |     3 |    21 |    15 ||    40
       Fruit             |       |       |     2 |     2 ||     4
